 Dungeon Crawl Stone Soup version 0.31-a0-963-ga325b2283a (webtiles) character file.

Game seed: 14115761998957489687

330 Pixllover the Digger (level 6, -3/32 HPs)
             Began as a Gargoyle Earth Elementalist on Oct 23, 2023.
             Was an Initiate of Vehumet.
             Killed from afar by Ijyb (17 damage)
             ... with a bolt of dispelling energy
             ... on level 4 of the Dungeon on Oct 25, 2023.
             The game lasted 00:07:02 (2660 turns).

Pixllover the Digger (Gargoyle Earth Elementalist)  Turns: 2660, Time: 00:07:04

Health: -3/32      AC:  7    Str: 12    XL:     6   Next: 51%
Magic:  7/11       EV: 12    Int: 17    God:    Vehumet [......]
Gold:   150        SH:  0    Dex: 10    Spells: 11/12 levels left

rFire   . . .        g - +2 dagger (venom)
rCold   . . .        (no shield)
rNeg    + . .        a - +0 robe
rPois   ∞            o - +0 helmet
rElec   +            (no cloak)
rCorr   .            (no gloves)
SInv    .            (no boots)
Will    .....        (no amulet)
Stlth   ++           (no ring)
HPRegen 0.25/turn    (no ring)
MPRegen 0.12/turn

%: no passive effects
@: no status effects
A: sickness immunity, AC +4, negative energy resistance 1, electricity
resistance, torment resistance 1, petrification resistance
a: Renounce Religion


You were on level 4 of the Dungeon.
You worshipped Vehumet.
Vehumet was noncommittal.
You visited 2 branches of the dungeon, and saw 5 of its levels.

You collected 150 gold pieces.

Inventory:

Hand Weapons
 g - a +2 dagger of venom (weapon)
Missiles
 e - 4 atropa-tipped darts (quivered)
 f - 9 poisoned darts
 r - 6 javelins
Armour
 a - a +0 robe (worn)
 o - a +0 helmet (worn)
Wands
 p - a wand of mindburst (6)
Scrolls
 c - a scroll of amnesia {unknown}
 i - a scroll of teleportation {unknown}
 j - a scroll of silence {unknown}
 l - a scroll of blinking {unknown}
 q - a scroll of vulnerability {unknown}
Potions
 b - a potion of magic
 d - 2 potions of heal wounds {unknown}
 h - a potion of brilliance
 k - 2 potions of attraction
 m - 2 potions of curing {unknown}
 n - a potion of lignification {unknown}


   Skills:
 + Level 0.1 Fighting
 + Level 1.1 Short Blades
 + Level 2.0 Dodging
 + Level 2.9 Stealth
 + Level 3.7 Spellcasting
 + Level 0.7 Transmutations
 + Level 6.5 Earth Magic


You had 11 spell levels left.
You knew the following spells:

 Your Spells              Type           Power      Damage    Failure   Level
a - Sandblast             Erth           50%        2d12      1%          1

Your spell library contained the following spells:

 Spells                   Type           Power      Damage    Failure   Level
 Passwall                 Tmut/Erth      12%        N/A       5%          2
 Stone Arrow              Conj/Erth      28%        3d8       13%         3
 Sting                    Tmut/Pois      16%        1d3       14%         1
 Wereblood                Tmut           5%         N/A       19%         2
 Poisonous Vapours        Pois/Air       6%         N/A       24%         2
 Petrify                  Tmut/Erth      15%        N/A       36%         4
 Brom's Barrelling Bould  Conj/Erth      14%        2d4       38%         4
 Hailstorm                Conj/Ice       3%         3d3       43%         3
 Olgreb's Toxic Radiance  Pois           3%         N/A       85%         4
 Summon Ice Beast         Ice/Summ       3%         N/A       85%         4
 Irradiate                Conj/Tmut      2%         3d12      98%         5
 Simulacrum               Ice/Necr       1%         N/A       100%        6


Dungeon Overview and Level Annotations

Branches:
Dungeon (4/15)             Temple (1/1) D:4

Altars:
Elyvilon
Fedhas
Gozag
Kikubaaqudgha
Makhleb
Sif Muna
Trog
Uskayaw
Vehumet
Xom

Annotations:
D:4 Ijyb


Innate Abilities, Weirdness & Mutations

You are immune to sickness and miasma.
Your stone body is resilient. (AC +4)
You are immune to poison.
You resist negative energy. (rN+)
You are resistant to electric shocks. (rElec)
You are resistant to unholy torment.
You are immune to petrification.


Message History

The orc shouts!
Casting: Sandblast (safe; 1% risk of failure)
Confirm with . or Enter, or press ? or * to list all spells.
Aiming: Sandblast (safe; 1% risk of failure)
Press: ? - help, Shift-Dir - straight line, f/p - Ijyb
Aim: Ijyb, wielding a +0 dagger, wearing a +3 leather armour of fire resistance and carrying a wand of quicksilver (79% to hit)
The blast of sand hits Ijyb but does no damage.
Ijyb screams, "I dance on your bones!" Ijyb hits you but does no damage.
Ijyb barely misses you.
Casting: Sandblast (safe; 1% risk of failure)
Confirm with . or Enter, or press ? or * to list all spells.
Aiming: Sandblast (safe; 1% risk of failure)
Press: ? - help, Shift-Dir - straight line, f/p - Ijyb
Aim: Ijyb, wielding a +0 dagger, wearing a +3 leather armour of fire resistance and carrying a wand of quicksilver (79% to hit)
The blast of sand hits Ijyb but does no damage.
Ijyb barely misses you.
Unknown command.
Casting: Sandblast (safe; 1% risk of failure)
Confirm with . or Enter, or press ? or * to list all spells.
Aiming: Sandblast (safe; 1% risk of failure)
Press: ? - help, Shift-Dir - straight line, f/p - Ijyb
Aim: Ijyb, wielding a +0 dagger, wearing a +3 leather armour of fire resistance and carrying a wand of quicksilver (79% to hit)
The blast of sand hits Ijyb!
Ijyb is moderately wounded.
Ijyb hits you with a +0 dagger. x2
Casting: Sandblast (safe; 1% risk of failure)
Confirm with . or Enter, or press ? or * to list all spells.
Aiming: Sandblast (safe; 1% risk of failure)
Press: ? - help, Shift-Dir - straight line, f/p - Ijyb
Aim: Ijyb, wielding a +0 dagger, wearing a +3 leather armour of fire resistance and carrying a wand of quicksilver (moderately wounded, 79% to hit)
The blast of sand misses Ijyb.
Ijyb hits you with a +0 dagger.
Ijyb zaps a wand.
The bolt of dispelling energy hits you!
You hit the orc.
The orc is poisoned.
The orc is heavily wounded.
Ijyb zaps a wand.
The bolt of dispelling energy hits the orc!!
The orc dies!
The bolt of dispelling energy hits you!
Ouch! That really hurt!
You die...

# ### ####### ..
....######....... .#
................# .##$
..##.##.#..##.#.# .....
#.......#.....#.#......
###.##.#....##..@).......
.......#.##....##.g......
....##......##....#......
.......##.>....#..#......
.....#......##.#..# .....
.....#.#.##.......# .....
..#....#.....#.##.....#.#
#.#.#....##..#....#...#.#
#...#.##.......##.#...


You could see Ijyb.

Vanquished Creatures
  A hound (D:3)
  An orc priest (D:3)
  Jessica (D:3)
  Natasha (thrice) (D:3)
  An iguana (D:3)
  Robin (D:3)
  6 adders
  A worm (D:2)
  2 dart slugs
  4 orcs (D:3)
  7 ball pythons
  7 endoplasms
  5 giant cockroaches
  13 goblins
  7 hobgoblins
  3 quokkas
  2 frilled lizards
  4 kobolds
  2 rats
71 creatures vanquished.

Vanquished Creatures (others)
  An orc (D:4)
1 creature vanquished.

Grand Total: 72 creatures vanquished

Notes
Turn   | Place    | Note
-------+----------+-------------------------------------------
     0 | D:1      | Pixllover the Gargoyle Earth Elementalist began the quest
                  | for the Orb.
     0 | D:1      | Reached XP level 1. HP: 10/10 MP: 3/3
    35 | D:1      | Upgraded the game from 0.31-a0-960-g0fca184906 to
                  | 0.31-a0-963-ga325b2283a
   217 | D:1      | Reached skill level 4 in Earth Magic
   217 | D:1      | Reached XP level 2. HP: 10/15 MP: 1/5
   796 | D:2      | Reached XP level 3. HP: 19/19 MP: 4/6
  1251 | D:2      | Reached XP level 4. HP: 24/24 MP: 5/7
  1343 | D:2      | Reached skill level 5 in Earth Magic
  1510 | D:3      | Noticed Natasha
  1514 | D:3      | Noticed Jessica
  1517 | D:3      | Killed Natasha
  1519 | D:3      | Killed Jessica
  1520 | D:3      | Reached XP level 5. HP: 19/28 MP: 2/9
  1592 | D:3      | Reached skill level 6 in Earth Magic
  1703 | D:3      | Noticed Natasha
  1720 | D:3      | Killed Natasha
  1784 | D:3      | Noticed Natasha
  1792 | D:3      | Killed Natasha
  1842 | D:3      | Found a burning altar of Makhleb.
  1852 | D:3      | Reached XP level 6. HP: 32/32 MP: 9/11
  1908 | D:3      | Found a faded altar of an unknown god.
  2193 | D:3      | Noticed Robin
  2208 | D:3      | Killed Robin
  2368 | D:3      | Reached skill level 1 in Short Blades
  2579 | D:4      | Found a staircase to the Ecumenical Temple.
  2598 | Temple   | Entered the Ecumenical Temple
  2614 | Temple   | Became a worshipper of Vehumet
  2652 | D:4      | Noticed Ijyb
  2660 | D:4      | Killed from afar by Ijyb

Illustrated notes

Levels and vault maps discovered:
D:1:      minmay_arrival_solitary_statue, layout_basic
D:2:      layout_loops_ring
D:3:      layout_loops_ring, bloody_makhleb, basic_ecumenical_altar,
          chequers_serial_rivers_micro_e, uniq_jessica, uniq_robin, uniq_natasha
D:4:      layout_rooms, minmay_temple_entry_ruins, uniq_ijyb
Temple:   jpeg_temple_island

Skill      XL: |  1  2  3  4  5  6 |
---------------+-------------------+-----
Earth Magic    | 4 5 6 |  6.5
Spellcasting   | 3 |  3.7
Short Blades   | 1 |  1.1
Dodging        | 2 |  2.0
Fighting       | |  0.1
Stealth        | |  2.9
Transmutations | |  0.7

Action                     |  1- 3 |  4- 6 || total
---------------------------+-------+-------++-------
  Melee: Dagger            |    21 |    51 ||    72
   Cast: Sandblast         |    33 |    42 ||    75
    Use: Scroll            |     2 |     1 ||     3
   Stab: Sleeping          |     2 |     1 ||     3
 Armour: Robe              |    14 |    36 ||    50
  Dodge: Dodged            |    10 |    34 ||    44

Table legend: (Time is in decaauts)
 A = Elapsed time spent in this place.
 B = Non-inter-level travel time spent in this place.
 C = Inter-level travel time spent in this place.
 D = Time resting spent in this place.
 E = Time spent auto-exploring this place.
 F = Levels seen in this place.
 G = Mean time per level.
                   A        B        C        D        E       F      G
               +--------+--------+--------+--------+--------+-----+--------+
         Total |   2704 |   2646 |     58 |    238 |   1726 |   5 |  540.8 |
       Dungeon |   2673 |   2615 |     58 |    238 |   1726 |   4 |  668.2 |
        Temple |     31 |     31 |      0 |      0 |      0 |   1 |   31.0 |
               +--------+--------+--------+--------+--------+-----+--------+

Top non-repeatable levels by time:
     D:3: 1043 daAuts
     D:1: 790 daAuts
     D:2: 738 daAuts
     D:4: 101 daAuts
  Temple: 31 daAuts
